 Dungeon Crawl Stone Soup version 0.19.1 (webtiles) character file.

1795 Monsterracer the Arsonist (level 8, -6/42 HPs)
             Began as a Deep Elf Fire Elementalist on Nov 25, 2016.
             Splashed by a jelly's acid (7 damage)
             ... on level 6 of the Dungeon.
             The game lasted 00:26:27 (7836 turns).

Monsterracer the Arsonist (DEFE)                    Turns: 7836, Time: 00:26:27

Health: -6/42      AC:  0    Str:  5    XL:     8   Next: 83%
Magic:  0/20       EV: 13    Int: 27    God:
Gold:   233        SH:  0    Dex: 15    Spells: 4 memorised, 7 levels left

rFire  + . .     SeeInvis .     n - +0 dagger (speed)
rCold  + . .     Gourm    .     p - +2 robe {rF+}
rNeg   . . .     Faith    .     (no shield)
rPois  .         Spirit   .     f - +0 helmet
rElec  .         Reflect  .     k - +0 cloak
rCorr  .         Harm     .     (no gloves)
MR     .....                    q - +1 pair of boots
Stlth  +++.......               (no amulet)
                                x - +4 ring of intelligence
                                l - ring of stealth

@: corroded
A: cold resistance 1
a: no special abilities


You were on level 6 of the Dungeon.
You were not hungry.

You visited 1 branch of the dungeon, and saw 6 of its levels.

You collected 233 gold pieces.

Inventory:

Hand Weapons
 a - a cursed -3 dagger
 n - a +0 dagger of speed (weapon)
Armour
 f - a +0 helmet (worn)
 k - a +0 cloak (worn)
 p - a +2 robe of fire resistance (worn)
 q - a +1 pair of boots (worn)
Jewellery
 l - a ring of stealth (left hand)
 s - an uncursed ring of teleportation
 x - a +4 ring of intelligence (right hand)
Wands
 o - a wand of polymorph (21/24)
 r - a wand of flame (20/48)
 u - a wand of polymorph (16/24)
Scrolls
 d - a scroll of remove curse
 h - a scroll of recharging
 i - a scroll of enchant armour
 j - 2 scrolls of blinking
Potions
 e - a potion of flight
 g - 2 potions of curing
 m - a potion of invisibility
 t - a potion of might
 v - 2 potions of brilliance
Books
 b - a book of Flames

   Spells                             Type                      Level
   a - Flame Tongue                   Conjuration/Fire             1
   b - Throw Flame                    Conjuration/Fire             2
   c - Conjure Flame                  Conjuration/Fire             3
   d - Inner Flame                    Hexes/Fire                   3
   e - Sticky Flame                   Conjuration/Fire             4
   f - Fireball                       Conjuration/Fire             5
Comestibles
 c - 7 bread rations
 w - 2 fruits
 z - a chunk of flesh


   Skills:
 + Level 0.8 Fighting
 + Level 2.8 Dodging
 - Level 2.4 Stealth
 + Level 6.7 Spellcasting
 * Level 7.8 Conjurations
 * Level 8.7 Fire Magic


You had 7 spell levels left.
You knew the following spells:

 Your Spells              Type           Power        Failure   Level  Hunger
a - Flame Tongue          Conj/Fire      #####        1%          1    None
b - Conjure Flame         Conj/Fire      ######..     1%          3    None
c - Sticky Flame          Conj/Fire      ######..     1%          4    ###....
d - Fireball              Conj/Fire      ######....   6%          5    #####..


Dungeon Overview and Level Annotations

Branches:
Dungeon (6/15)
 Temple: D:4-7

Altars:
Ashenzari
Cheibriados
Hepliaklqana
Okawaru
Trog
Uskayaw
Xom
Yredelemnul
Zin

Annotations:
D:5 Philosophy's ghost, novice HOFi


Innate Abilities, Weirdness & Mutations

Your flesh is cold resistant. (rC+)


Message History

Press: ? - help, Shift-Dir - straight line, f/p - jelly
Aim: a jelly The flame tongue hits the jelly.
The jelly is heavily wounded.
You hit the jelly. The acid corrodes you!
Your hands burn!
The jelly is severely wounded.
You hit the jelly. The acid corrodes you!
Your hands burn!
The jelly is severely wounded.
The jelly hits you. The acid corrodes you!
You are splashed with acid!
The acid burns!
* * * LOW HITPOINT WARNING * * *
You hit the jelly.
Your hands burn!
* * * LOW HITPOINT WARNING * * *
The jelly is severely wounded.
The crimson imp hits you.
* * * LOW HITPOINT WARNING * * *
The jelly hits you.
* * * LOW HITPOINT WARNING * * *
You are splashed with acid!
The acid burns!
You die...

.....##..............#,,,*
*,
......##.##########.###.##
*,
....#.##.#,,.............#
*,
....#.##.#,*#######.######
*, ....#.##.#,* ####'###
*, ....#..#.#,****#...)).#
*, ....##.#.#,,,,,+..))..#
*, ....##÷..####**#.).(..#
*, ....#.......# #@J)...#
** ****#.......# #.5....#
#.......# #..#.#.#
#.......# #..._..#
#...>...# #..#.#.#
#.......# #......#
#.......# ########
#....†..# #.......#


You could see a jelly and a crimson imp.

Vanquished Creatures
  Pikel (D:2)
  Eustachio (D:5)
  Edmund (D:4)
  An orc warrior (D:5)
  Blork the orc (D:4)
  A water moccasin skeleton (D:6)
  A scorpion (D:5)
  A quasit (D:6)
  A hound (D:4)
  A gnoll shaman (D:3)
  3 orc priests
  7 orc wizards
  An iguana (D:5)
  6 worker ants
  Terence (D:3)
  A hound zombie (D:5)
  7 adders
  4 gnolls
  A shadow imp (D:3)
  3 oozes
  An adder zombie (D:5)
  2 worms
  6 dart slugs
  4 leopard geckos
  20 orcs
  A ball python (D:6)
  6 giant cockroaches
  12 goblins
  11 hobgoblins
  16 jackals
  2 quokkas
  14 bats
  3 frilled lizards
  A jackal skeleton (D:4)
  8 kobolds
  8 rats
159 creatures vanquished.

Notes
Turn   | Place    | Note
-------+----------+-------------------------------------------
     0 | D:1      | Monsterracer the Deep Elf Fire Elementalist began the quest for the Orb.
     0 | D:1      | Reached XP level 1. HP: 10/10 MP: 6/6
   312 | D:1      | Reached XP level 2. HP: 8/15 MP: 5/8
   846 | D:1      | Reached skill level 4 in Fire Magic
  1141 | D:1      | Reached XP level 3. HP: 19/19 MP: 7/9
  1146 | D:1      | Learned a level 3 spell: Conjure Flame
  1221 | D:2      | Found a hide-covered altar of Uskayaw.
  1221 | D:2      | Noticed a hand axe
  1221 | D:2      | Noticed a dagger
  2018 | D:2      | Reached XP level 4. HP: 24/24 MP: 8/11
  2047 | D:2      | Learned a level 4 spell: Sticky Flame
  2282 | D:3      | Found a faded altar of an unknown god.
  2621 | D:3      | Reached XP level 5. HP: 14/28 MP: 0/12
  3137 | D:3      | Gained mutation: Your flesh is cold resistant. (rC+) [potion of beneficial mutation]
  3385 | D:3      | Reached skill level 5 in Fire Magic
  3517 | D:3      | Noticed Terence
  3538 | D:3      | Killed Terence
  3964 | D:3      | Reached XP level 6. HP: 11/32 MP: 8/14
  4258 | D:3      | Learned a level 5 spell: Fireball
  4462 | D:3      | Reached skill level 6 in Fire Magic
  4485 | D:3      | Reached skill level 5 in Conjurations
  4878 | D:4      | Noticed Edmund
  4887 | D:4      | Killed Edmund
  4887 | D:4      | Reached XP level 7. HP: 22/36 MP: 1/16
  5321 | D:4      | Noticed Blork the orc
  5331 | D:4      | Killed Blork the orc
  5406 | D:4      | Reached skill level 5 in Spellcasting
  5437 | D:4      | Found a glowing silver altar of Zin.
  5530 | D:4      | Noticed Pikel
  5687 | D:4      | Found a shattered altar of Ashenzari.
  5690 | D:4      | Found a snail-covered altar of Cheibriados.
  5690 | D:4      | Found a hazy altar of Hepliaklqana.
  5731 | D:4      | Found a basalt altar of Yredelemnul.
  6153 | D:2      | Killed Pikel
  6153 | D:2      | Reached skill level 7 in Fire Magic
  6153 | D:2      | Reached XP level 8. HP: 12/41 MP: 3/18
  6541 | D:5      | Entered Level 5 of the Dungeon
  6580 | D:5      | Found a bloodstained altar of Trog.
  6813 | D:5      | Found a shimmering altar of Xom.
  6898 | D:5      | Reached skill level 8 in Fire Magic
  7211 | D:5      | Noticed Eustachio
  7231 | D:5      | Killed Eustachio
  7378 | D:5      | Noticed Philosophy's ghost (novice HOFi)
  7558 | D:5      | Found an iron altar of Okawaru.
  7804 | D:6      | Found a shattered altar of Ashenzari.
  7836 | D:6      | HP: 2/42 [crimson imp (4)]
  7836 | D:6      | Splashed by a jelly's acid

Skill      XL: |  1  2  3  4  5  6  7  8 |
---------------+-------------------------+-----
Conjurations   | 2 3 4 5 6 7 |  7.8
Fire Magic     | 4 5 6 7 8 |  8.7
Spellcasting   | 4 5 6 |  6.7
Fighting       | |  0.8
Dodging        | |  2.8
Stealth        | |  2.4

Action                   |  1- 3 |  4- 6 |  7- 9 || total
-------------------------+-------+-------+-------++-------
Melee: Unarmed           |    19 |       |       ||    19
       Short sword       |       |     7 |       ||     7
       Dagger            |       |       |   100 ||   100
 Cast: Flame Tongue      |    77 |   147 |   116 ||   340
       Conjure Flame     |       |     8 |     5 ||    13
       Sticky Flame      |       |     8 |     4 ||    12
       Fireball          |       |       |    11 ||    11
Evoke: Wand              |       |       |     4 ||     4
  Use: Potion            |     2 |     4 |     1 ||     7
       Scroll            |       |    10 |     5 ||    15
  Eat: Chunk             |     3 |    11 |     8 ||    22
       Meat ration       |       |       |     1 ||     1
Armor: Robe              |    21 |    18 |    45 ||    84
Dodge: Dodged            |    61 |    64 |    76 ||   201
